 Dungeon Crawl Stone Soup version 0.24.0-1-gfbc8707122 (webtiles) character file.

Game seed: 17899164971817333228, levelgen mode: deterministic

61 Esekla the Sneak (level 3, -4/28 HPs)
             Began as a Draconian Enchanter on Oct 27, 2019.
             Slain by a gnoll
             ... wielding a +0 whip
              (7 damage)
             ... on level 1 of the Dungeon.
             The game lasted 00:10:45 (1105 turns).

Esekla the Sneak (Draconian Enchanter)              Turns: 1105, Time: 00:10:45

Health: -4/28      AC:  5    Str: 10    XL:     3   Next: 83%
Magic:  2/6        EV: 12    Int: 16    God:
Gold:   4          SH:  0    Dex: 11    Spells: 2/6 levels left

rFire    . . .     SeeInvis .   a - +1 dagger
rCold    . . .     Gourm    .   (no shield)
rNeg     . . .     Faith    .   (armour unavailable)
rPois    .         Spirit   .   (helmet restricted)
rElec    .         Reflect  .   (no cloak)
rCorr    .         Harm     .   (no gloves)
MR       .....                  (no boots)
Stlth    ++........             (no amulet)
HPRegen  0.09/turn              (no ring)
MPRegen  0.10/turn              (no ring)

@: very slightly contaminated
A: unfitting armour, cold-blooded, AC +5
a: no special abilities


You were on level 1 of the Dungeon.
You were very hungry.

You visited 1 branch of the dungeon, and saw 2 of its levels.

You collected 4 gold pieces.

Inventory:

Hand Weapons
 a - a +1 dagger (weapon)
Missiles
 d - 10 poisoned darts (quivered)
Potions
 b - a potion of agility {unknown}
 e - a potion of curing {unknown}
 f - a potion of degeneration {unknown}
Comestibles
 c - 4 rations


   Skills:
 * Level 1.4 Fighting
 + Level 1.3 Short Blades
 + Level 2.0 Dodging
 + Level 3.3 Stealth
 + Level 2.0 Spellcasting
 * Level 0.1 Conjurations
 + Level 3.2 Hexes


You had 2 spell levels left.
You knew the following spells:

 Your Spells              Type           Power        Failure   Level  Hunger
a - Corona                Hex            ##.....      5%          1    #......
d - Dazzling Spray        Conj/Hex       #.....       30%         3    ###....

Your spell library contained the following spells:

 Spells                   Type           Power        Failure   Level  Hunger
 Ensorcelled Hibernation  Hex/Ice        #.....       16%         2    ###....
 Confuse                  Hex            ##......     16%         3    ###....
 Tukima's Dance           Hex            ##......     16%         3    ###....


Dungeon Overview and Level Annotations

Branches:
Dungeon (2/15)

Altars:


Innate Abilities, Weirdness & Mutations

Your plain brown scales are hard. (AC +5)
You cannot fit into any form of body armour.
You are cold-blooded and may be slowed by cold attacks.


Message History

* * * LOW HITPOINT WARNING * * *
You climb upwards.
There is a stone staircase leading down here.
Casting: Dazzling Spray (safe; 30% risk of failure)
Confirm with . or Enter, or press ? or * to list all spells.
Aiming: Dazzling Spray (safe; 30% risk of failure)
Press: ? - help, Shift-Dir - straight line, f - gnoll
Aim: a gnoll, wielding a +0 whip (severely wounded)
You miscast Dazzling Spray.
You are very lightly contaminated with residual magic.
You feel a strange surge of energy! The gnoll closely misses you.
Casting: Dazzling Spray (safe; 30% risk of failure)
Confirm with . or Enter, or press ? or * to list all spells.
Aiming: Dazzling Spray (safe; 30% risk of failure)
Press: ? - help, Shift-Dir - straight line, f/p - gnoll
Aim: a gnoll, wielding a +0 whip (severely wounded)
You miscast Dazzling Spray.
You smell something strange.
The gnoll hits you but does no damage. The gnoll hits you with a +0 whip!
You die...

####.############.## #.#
#.# #.# #.# ###.#####
##'## #.......# ##...##
#.#.###.# ##.....##
#.#.##..# ##.....(.## #
#.#.#..g####.........####
#.#.....@..).........'...
#.###...####.........####
#.......# ##.......## #
######.## ##.....## #.#
##...## #.# ##'## #.# #.#
#.# #.# #.# ##.##


You could see a gnoll.

Vanquished Creatures
  2 gnolls (D:2)
  2 dart slugs (D:1)
  5 bats (D:1)
  2 giant cockroaches (D:1)
  5 goblins (D:1)
  7 hobgoblins (D:1)
  4 frilled lizards
  5 kobolds (D:1)
  4 rats (D:1)
36 creatures vanquished.

Vanquished Creatures (others)
  5 toadstools (D:1)
5 creatures vanquished.

Grand Total: 41 creatures vanquished

Notes
Turn   | Place    | Note
-------+----------+-------------------------------------------
     0 | D:1      | Esekla the Draconian Enchanter began the quest for the Orb.
     0 | D:1      | Reached XP level 1. HP: 14/14 MP: 3/3
   260 | D:1      | Reached XP level 2. HP: 22/22 MP: 5/5
   523 | D:1      | Reached skill level 1 in Fighting
   735 | D:1      | Reached XP level 3. HP: 28/28 MP: 6/6
   915 | D:1      | Learned a level 3 spell: Dazzling Spray
  1084 | D:2      | HP: 1/28 [gnoll/+0 whip (4)]
  1105 | D:1      | Slain by a gnoll

Levels and vault maps discovered:
D:1:      ldierk_walled_garden, layout_loops_corners
D:2:      layout_basic

Skill      XL: |  1  2  3 |
---------------+----------+-----
Hexes          | 3 |  3.2
Fighting       | 1 |  1.4
Stealth        | 3 |  3.3
Dodging        | 2 |  2.0
Short Blades   | |  1.3
Spellcasting   | |  2.0
Conjurations   | |  0.1

Action                   || total
-------------------------++-------
Melee: Dagger            ||   164
       Tailslap          ||    11
Throw: Dart              ||     3
 Cast: Dazzling Spray    ||     2
 Stab: Sleeping          ||     3
       Invisible         ||     1
Armor: Skin              ||    30
Dodge: Dodged            ||    94
